 Dungeon Crawl Stone Soup version 0.18.1-47-g9310371 (webtiles) character file.

35 Gargoyl the Skirmisher (level 3, 0/30 HPs)
             Began as a Demonspawn Abyssal Knight on June 19, 2016.
             Was a Follower of Lugonu.
             Slain by a gnoll
             ... wielding a +0 halberd
              (4 damage)
             ... on level 1 of the Dungeon.
             The game lasted 00:01:27 (740 turns).

Gargoyl the Skirmisher (Demonspawn Abyssal Knight)   Turns: 740, Time: 00:01:27

Health: 0/30       AC:  6    Str: 13    XL:     3   Next: 17%
Magic:  4/4        EV:  9    Int: 13    God:    Lugonu [*.....]
Gold:   21         SH:  0    Dex: 12    Spells: 0 memorised, 2 levels left

rFire  . . .     SeeInvis .     a - +1 hand axe
rCold  . . .     Gourm    .     d - +0 scale mail
rNeg   . . .     Faith    .     (no shield)
rPois  +         Spirit   .     (helmet restricted)
rElec  .         Dismiss  .     (no cloak)
rCorr  .         Reflect  .     (no gloves)
SustAt .         Harm     .     (no boots)
MR     .....                    (no amulet)
Stlth  +.........               (no ring)
                                j - ring of poison resistance

@: flying, not resistant to hostile enchantments, very unstealthy
A: antennae 1, nightstalker 1
a: Depart the Abyss, Renounce Religion


You were on level 1 of the Dungeon.
You worshipped Lugonu.
Lugonu was aware of your devotion.
You were not hungry.

You visited 1 branch of the dungeon, and saw 1 of its levels.
You visited the Abyss 1 time.

You collected 21 gold pieces.

Inventory:

Hand Weapons
 a - a +1 hand axe (weapon)
Armour
 d - a +0 scale mail (worn)
 k - a +0 shield
Jewellery
 j - a ring of poison resistance (left hand)
 l - a +5 ring of protection {unknown}
Scrolls
 b - a scroll of magic mapping {unknown}
 e - a scroll of blinking {unknown}
 g - 4 scrolls of identify {unknown}
 h - a scroll of teleportation {unknown}
 i - a scroll of immolation {unknown}
Comestibles
 c - 2 bread rations


   Skills:
 + Level 3.9 Fighting
 + Level 2.0 Axes
 * Level 2.0 Armour
 + Level 1.0 Dodging
 + Level 0.2 Stealth
 + Level 2.6 Invocations


You had 2 spell levels left.
You didn't know any spells.

Dungeon Overview and Level Annotations

Branches:
Dungeon (1/15)

Altars:


Innate Abilities, Weirdness & Mutations

You have a pair of small antennae on your head.
You are slightly more attuned to the shadows.


Message History

Found a tubular marble ring.
You see here a shield.
k - a shield You see here a tubular marble ring.
You see here a tubular marble ring.
l - a tubular marble ring The gnoll hits you from afar with a halberd!
Drink which item? (? for menu, Esc to quit)
It was a potion of flight.
You feel very buoyant.
You fly up into the air.
The gnoll closely misses you. The gnoll hits you with a halberd!
You slash the gnoll!
The gnoll is heavily wounded.
The gnoll hits you with a halberd!
* * * LOW HITPOINT WARNING * * *
You hit the gnoll.
The gnoll is severely wounded.
The gnoll hits you with a halberd.
You die...

#..# #..... ###
...# .#.##.. ..#
##.. ....... #.# ##
....... #.# .......
#.# ......# #.#
....... #.# #...#.#
#@# ##.##.. . #g#
#. ### .g. #.# # #
#....### ##.## #
#.....#. ##...# #
#..##.g.####.###..#
#..# #.......# ..#
#..# ###.....# ..#
#..#####.###....
#.# #.


You could see a gnoll.

Vanquished Creatures
  2 dart slugs (D:1)
  2 giant geckos (D:1)
  2 giant cockroaches (D:1)
  4 goblins (D:1)
  A hobgoblin (D:1)
  8 jackals (D:1)
  A bat (D:1)
  A giant newt (D:1)
  2 kobolds (D:1)
  4 rats (D:1)
27 creatures vanquished.

Notes
Turn   | Place    | Note
--------------------------------------------------------------
     0 | Abyss:1  | Gargoyl the Demonspawn Abyssal Knight began the quest for the Orb.
     0 | Abyss:1  | Reached XP level 1. HP: 18/18 MP: 2/2
    59 | Abyss:1  | Noticed a tentacled starspawn
    59 | Abyss:1  | Noticed a ynoxinul
    64 | D:1      | Escaped the Abyss
    93 | D:1      | Reached * piety under Lugonu
   177 | D:1      | Gained mutation: You are slightly more attuned to the shadows. [demonic ancestry]
   177 | D:1      | Reached XP level 2. HP: 21/24 MP: 3/3
   329 | D:1      | Reached skill level 1 in Dodging
   616 | D:1      | Gained mutation: You have a pair of small antennae on your head. [demonic ancestry]
   616 | D:1      | Reached XP level 3. HP: 30/30 MP: 4/4
   740 | D:1      | Slain by a gnoll

Skill      XL: |  1  2  3 |
---------------+----------+-----
Dodging        | 1 |  1.0
Armour         | 2 |  2.0
Axes           | 2 |  2.0
Fighting       | |  3.9
Stealth        | |  0.2
Invocations    | |  2.6

Action                   || total
-------------------------++-------
Melee: Hand axe          ||   108
Invok: Depart the Abyss  ||     1
  Use: Potion            ||     1
Armor: Scale mail        ||    60
Dodge: Dodged            ||    61
